 Dungeon Crawl Stone Soup version 0.31-a0-175-g9f7f995f2b (webtiles) character file.

Game seed: 11709763230659180063

372749 qw the Slayer (level 22, 0/163 HPs)
             Began as a Gargoyle Hunter on June 17, 2023.
             Was an Elder of Okawaru.
             Slain by a reaper
             ... wielding a +6 scythe of freezing
             ... called by a doom hound
              (3 damage)
             ... on level 2 of the Depths.
             The game lasted 00:23:37 (37051 turns).

qw the Slayer (Gargoyle Hunter)                    Turns: 37051, Time: 00:23:38

Health: 0/163      AC: 35    Str: 17    XL:     22   Next: 70%
Magic:  26/26      EV: 35    Int: 11    God:    Okawaru [****..]
Gold:   1017       SH:  0    Dex: 27    Spells: 21/21 levels left

rFire   . . .        o - +5 triple crossbow (flame)
rCold   . . .        (shield currently unavailable)
rNeg    + . .        l - +0 troll leather armour
rPois   inf          A - +2 hat
rElec   +            c - scarf {repulsion}
rCorr   .            f - +2 pair of gloves
SInv    +            r - +2 pair of boots
Will    +....        h - amulet of regeneration
Stlth   ++++         y - ring of Waniyt Dopa {Slay+6 SInv}
HPRegen 2.07/turn    q - +6 ring of dexterity
MPRegen 0.20/turn

%: repel missiles
@: about to teleport, heroic, doom-hounded, flying
A: sickness immunity, AC +16, big wings, negative energy resistance 1,
electricity resistance, torment resistance 1, petrification resistance,
iridescent scales 1, low MP 1, passive freeze
}: 2/15 runes: barnacled, gossamer
a: Renounce Religion, Heroism, Finesse


You were on level 2 of the Depths.
You worshipped Okawaru.
Okawaru was greatly pleased with you.
You visited 8 branches of the dungeon, and saw 37 of its levels.
You also visited: Desolation.

You collected 4201 gold pieces.
You spent 3184 gold pieces at shops.


Innate Abilities, Weirdness & Mutations

You are immune to sickness and miasma.
Your stone body is resilient. (AC +16)
You are immune to poison.
Your large and strong wings let you fly.
You resist negative energy. (rN+)
You are resistant to electric shocks. (rElec)
You are resistant to unholy torment.
You are immune to petrification.
You are partially covered in iridescent scales. (AC +2)
Your magical capacity is low. (-10% MP)
A frigid envelope surrounds you and freezes all who hurt you.


   Skills:
 + Level 24.9(27) Fighting
 - Level 22.0(27) Ranged Weapons
 - Level 12.0(17.0) Armour
 - Level 18.0(23.0) Dodging
 - Level 1.1(6.1) Stealth
 - Level 10.0 Invocations


You had 21 spell levels left.
You didn't know any spells.
Your spell library was empty.

Inventory:

Hand Weapons
 o - a +5 triple crossbow of flaming (weapon)
Armour
 c - a scarf of repulsion (worn)
 f - a +2 pair of gloves (worn)
 l - a +0 troll leather armour (worn)
 r - a +2 pair of boots (worn)
 t - +0 acid dragon scales
 v - the +3 hat of Pondering {ponderous, Will+ MP+10 Int+5}
   (You took it off Gastronok on level 1 of the Lair of Beasts)

   Int:       It affects your intelligence (+5).
   MP:        It affects your magic capacity (+10).
   Will:      It increases your willpower.
 w - a +2 leather armour of fire resistance
 A - a +2 hat (worn)
 C - a +2 ring mail of cold resistance
 D - the +0 leather armour of the Bulwark {+Inv rC++}
   (You bought it in a shop on level 2 of the Shoals)

   rC:        It greatly protects you from cold.
   +Inv:      It lets you turn invisible.
 F - a +2 cloak of preservation
 G - the +0 cloak of Jomagual {Str-4 Dex-4 Slay+6 SInv}
   (You found it in the Desolation of Salt)

   Str:       It affects your strength (-4).
   Dex:       It affects your dexterity (-4).
   Slay:      It affects your accuracy & damage with ranged weapons and melee
   (+6).
   SInv:      It lets you see invisible.
 H - the +2 hat of the Special Seas {Harm rF+ rN+ Str+2}
   (Okawaru gifted it to you in the Desolation of Salt)

   Str:       It affects your strength (+2).
   rF:        It protects you from fire.
   rN:        It protects you from negative energy.
   Harm:      It increases damage dealt and taken.
Jewellery
 h - an amulet of regeneration (around neck)
 p - the ring of Qynopt {Ice rN++ Dex-4 Slay+4}
   (You found it in the Desolation of Salt)

   [ring of ice]

   It enhances your ice magic.
   Dex:       It affects your dexterity (-4).
   Slay:      It affects your accuracy & damage with ranged weapons and melee
   (+4).
   rF:        It makes you vulnerable to fire.
   rC:        It protects you from cold.
   rN:        It greatly protects you from negative energy.
 q - a +6 ring of dexterity (right hand)
 x - a ring of fire
 y - the ring of Waniyt Dopa (left hand) {Slay+6 SInv}
   (You acquired it on level 4 of the Lair of Beasts)

   [ring of see invisible]

   Slay:      It affects your accuracy & damage with ranged weapons and melee
   (+6).
   SInv:      It lets you see invisible.
 z - a ring of protection from cold
Wands
 e - a wand of digging (5)
Scrolls
 a - 20 scrolls of identify
 k - 12 scrolls of teleportation
 I - 2 scrolls of enchant armour
Potions
 b - 4 potions of cancellation
 d - 19 potions of curing
 g - 6 potions of enlightenment
 i - 4 potions of haste
 j - 7 potions of mutation
 m - 5 potions of attraction
 n - 3 potions of might
 s - 8 potions of lignification
 B - 6 potions of magic

Dungeon Overview and Level Annotations

Branches:
Dungeon (15/15)            Temple (1/1) D:5            Lair (5/5) D:10
 Shoals (4/4) Lair:3       Spider (4/4) Lair:3        Slime (0/5) Lair:5
    Orc (2/2) D:12            Elf (0/3) Orc:2        Vaults (4/5) D:13
  Crypt (0/3) Vaults:3     Depths (2/4) D:15        Desolation (visited)

Altars:
Ashenzari
Cheibriados
Dithmenos
Elyvilon
Fedhas
Gozag
Hepliaklqana
Kikubaaqudgha
Makhleb
Nemelex Xobeh
Okawaru
Qazlal
Ru
Sif Muna
Trog
Uskayaw
Vehumet
Wu Jian
Xom
Yredelemnul
Zin
The Shining One

Shops:
D:2 [(   D:5 *   D:6 !   D:8 [   D:12 ?   Orc:1 ([(   Orc:2 ?:*!   Shoals:2 [
Shoals:3 ![*:*

Portals:
Hell: Depths:1
Abyss: Vaults:1 Depths:2

Annotations:
D:4 1 runed translucent door, 2 transporters, Crazy Yiuf; qw's ghost, amateur NaHu
D:5 1 runed translucent door, qw's ghost, novice GrFi
D:8 2 transporters
D:14 1 runed translucent door, Kisaoc's ghost, journeyman GrFi
Shoals:2 2 transporters, qw's ghost, adept NaHu
Spider:2 1 runed translucent door, qw's ghost, adept GrFi
Vaults:1 2 transporters, eruonna's ghost, veteran HOBe
Depths:2 Grunn


Message History

The reaper closely misses you.
You shoot a bolt. The bolt hits the reaper!!!
The bolt burns the reaper!
You kill the reaper!
Okawaru accepts your kill. The jiangshi completely misses you.
The jiangshi claws you but does no damage.
The jiangshi resists.
The jiangshi is very cold.
The jiangshi is lightly damaged.
Grunn points his finger and shouts, "King!
Sic 'em!"
The tormentor calls on the powers of darkness!
Your body is wracked with pain!
The jiangshi claws you.
The jiangshi resists.
The jiangshi is very cold.
The jiangshi is lightly damaged.
The jiangshi completely misses you. The reaper misses you.
The reaper hits you but does no damage.
The reaper resists.
The reaper is very cold.
The reaper is lightly wounded.
A bone dragon comes into view.
37049 ||| READING 13 scrolls of teleportation.
As you read the scroll of teleportation, it crumbles to dust.
You feel strangely unstable. The jiangshi claws you.
The jiangshi resists.
The jiangshi is very cold.
The jiangshi is lightly damaged.
The jiangshi misses you. The tormentor barely misses you.
The tormentor misses you. The reaper barely misses you.
You shoot a bolt. The bolt hits the jiangshi!!!!
The bolt burns the jiangshi!
You destroy the jiangshi!
Okawaru accepts your kill.
The tormentor completely misses you. x2; The reaper hits you but does no damage.
The reaper misses you.
The tormentor calls on the powers of darkness!
Your body is wracked with pain!
You shoot a bolt. The bolt hits the bone dragon!!!
The bolt burns the bone dragon!
The bone dragon is moderately damaged.
The tormentor calls on the powers of darkness!
Your body is wracked with pain!
The reaper hits you from afar with a +6 scythe of freezing!!
The reaper freezes you.
You die...

#........)...#
#............##
#................
#............####
####..............#
.........[.........
~~~......[.........#
~~~~~2%2)<(..###...#
..h~~~[@D2)..# ...
.7.h~~~V.....#
.%..g~~~.)...#
...7.8~~~....#
......[7~....#
#8...........#
#####..........
##.8$##....


You could see Grunn, a bone dragon, 2 doom hounds, 2 reapers, a jiangshi and a
tormentor.

Vanquished Creatures
  Arachne (Spider:2)
  A doom hound (Depths:2)
  A Tzitzimitl (Depths:2)
  Rupert (Orc:2)
  Mlioglotl (Shoals:4)
  A tentacled monstrosity (Vaults:4)
  2 liches (Depths:1)
  A titan (Vaults:4)
  Polyphemus (Shoals:4)
  Gastronok (Lair:1)
  2 sphinxes (Vaults:3)
  A kraken (Shoals:2)
  2 tengu reavers
  Kirke (Spider:2)
  Ilsuiw (Shoals:2)
  6 fire giants
  4 emperor scorpions
  A frost giant (Depths:2)
  An imperial myrmidon (Desolation)
  11 vault wardens
  A ghost moth (Spider:3)
  Aizul (Spider:2)
  Louise (D:15)
  An orc warlord (Orc:1)
  A caustic shrike zombie (Depths:1)
  2 very ugly things (Depths:1)
  2 reapers (Depths:2)
  13 ironbound preservers
  5 stone giants
  10 broodmothers
  A ghoul (Vaults:3)
  2 formless jellyfish (Vaults:3)
  2 vampire knights
  7 ironbound thunderhulks
  3 war gargoyles
  18 dire elephants
  2 putrid mouths (Depths:2)
  4 halazid warlocks (Desolation)
  Azrael (Orc:2)
  A deep elf annihilator (Vaults:4)
  5 spark wasps
  Snorg (D:13)
  2 crystal guardians
  An ettin (shapeshifter) (D:15)
  A deep elf high priest (Vaults:4)
  4 ettins (Depths:1)
  7 entropy weavers
  10 merfolk impalers
  6 merfolk javelineers
  11 ragged hierophants (Desolation)
  6 yaktaur captains
  3 jiangshi
  3 fire dragons
  10 great orbs of eyes
  5 vault guards
  13 peacekeepers
  4 jorogumos
  4 ice dragons
  4 hydras
  7 servants of whispers (Desolation)
  An ogre mage (Orc:1)
  A rakshasa (Depths:1)
  2 radroaches (Spider:3)
  4 catoblepae
  Erica (D:8)
  A spriggan air mage (Depths:1)
  3 merfolk avatars
  A merfolk aquamancer (Shoals:2)
  13 ironbound frosthearts
  8 centaur warriors
  7 boulder beetles
  2 satyrs (Shoals:2)
  4 two-headed ogres
  6 demonic crawlers
  A deep troll shaman (Depths:1)
  2 tengu warriors (D:14)
  2 deep troll earth magi
  7 hell knights (Depths:1)
  A vampire mage (Depths:2)
  11 death yaks
  Urug (Lair:1)
  8 orc high priests
  3 spriggan berserkers
  Sonja (D:13)
  An iron troll (Depths:2)
  A fire crab (Lair:5)
  3 skeletal warriors (D:14)
  6 skysharks
  8 pharaoh ants
  11 orb spiders
  A glowing orange brain (Vaults:2)
  39 deep trolls
  11 sea snakes
  A sun moth (Spider:4)
  A kraken simulacrum (Shoals:4)
  A flayed ghost (Depths:1)
  11 wizards
  A phantasmal warrior (Vaults:4)
  17 lindwurms
  5 spectral wolf spiders (Spider:2)
  6 steelbarb worms
  3 wolf spider zombies (Spider:2)
  4 necromancers
  28 harpies
  A deep elf pyromancer (D:15)
  8 orc knights
  13 ironbound convokers
  12 fauns
  29 wolf spiders
  19 manticores
  3 moths of wrath
  4 orc sorcerers
  36 ugly things
  A frost giant skeleton (Depths:1)
  4 cyclopes
  8 elephants (Lair:5)
  A human zombie (Vaults:3)
  21 vault sentinels
  Joseph (D:7)
  3 guardian serpents (Desolation)
  5 black mambas
  15 merfolk sirens
  A stone giant skeleton (Depths:1)
  4 torpor snails
  A molten gargoyle (Desolation)
  7 water nymphs
  4 gargoyles
  13 komodo dragons
  11 cane toads
  2 yaktaur zombies (Vaults:3)
  2 unseen horrors
  4 rime drakes
  9 kobold demonologists
  11 yaktaurs
  A golden dragon simulacrum (Depths:1)
  2 tengu conjurers
  A meliai (Spider:4)
  25 merfolk
  5 trolls
  6 wolf spider simulacra (Spider:2)
  2 wind drakes
  A yaktaur skeleton (Vaults:3)
  12 polar bears
  3 raiju (Lair:5)
  51 saltlings (Desolation)
  4 hornets
  Prince Ribbit (D:7)
  31 tarantellas
  13 blink frogs
  A sphinx simulacrum (Depths:1)
  A stone giant simulacrum (Vaults:3)
  Grinder (D:3)
  An ettin zombie (Depths:1)
  An elf zombie (Vaults:3)
  17 snapping turtles
  15 dream sheep
  A jumping spider (shapeshifter) (D:15)
  Sigmund (D:2)
  31 jumping spiders
  38 slime creatures
  24 culicivoras
  2 spriggans (Depths:1)
  5 humans (Spider:2)
  A hog (Spider:2)
  A shadow (D:11)
  2 wyverns
  2 fire elementals (Orc:2)
  11 water elementals
  2 wraiths
  49 yaks
  49 redbacks
  Menkaure (D:5)
  5 basilisks
  A steam dragon (D:7)
  2 glowing shapeshifter zombies (Vaults:3)
  6 vampire mosquitoes
  7 wargs
  4 acid dragons
  12 water moccasins
  15 hell hounds
  4 sky beasts
  An ogre skeleton (Vaults:3)
  Pargi (D:3)
  13 black bears
  35 orc warriors
  An ice beast (D:7)
  17 wolves
  16 centaurs
  5 ogres
  3 boggarts (D:14)
  2 phantoms (D:5)
  16 bullfrogs
  7 kobold brigands
  A glowing shapeshifter simulacrum (Depths:1)
  A scorpion (D:4)
  2 two-headed ogre simulacra (D:11)
  A human simulacrum (Depths:1)
  5 wights (D:8)
  6 killer bees (D:10)
  4 howler monkeys
  9 electric eels
  A lava snake (Lair:3)
  4 hounds
  25 orc priests
  2 jellies
  3 gnoll boudas
  Natasha (D:2)
  Terence (D:3)
  25 orc wizards
  An iguana (D:6)
  A hell rat (Lair:5)
  A spriggan simulacrum (D:11)
  A troll simulacrum (D:11)
  Robin (D:2)
  14 gnolls
  9 adders
  3 shadow imps
  A worm (D:9)
  2 dart slugs (D:4)
  63 orcs
  A bat (D:2)
  9 endoplasms
  3 giant cockroaches
  15 goblins
  6 hobgoblins
  8 jackals
  31 kobolds
  3 quokkas (D:2)
  9 ball pythons
  3 frilled lizards
  5 rats
  3 tentacles (Shoals:2)
1601 creatures vanquished.

Vanquished Creatures (others)
  A fire giant (Depths:2)
  A polar bear (Lair:5)
  4 tentacles (Shoals:2)
6 creatures vanquished.

Grand Total: 1607 creatures vanquished

Notes
Turn   | Place    | Note
-------+----------+-------------------------------------------
     0 | D:1      | qw the Gargoyle Hunter began the quest for the Orb.
     0 | D:1      | Reached XP level 1. HP: 12/12 MP: 1/1
     0 | D:1      | 0 ||| qw: Version: 0.3-a-2-g5ab2908
     0 | D:1      | 0 ||| qw: Game counter: 162
     0 | D:1      | 0 ||| qw: Always use a shield: true
     0 | D:1      | 0 ||| qw: God list: Okawaru
     0 | D:1      | 0 ||| qw: Allow faded altars: false
     0 | D:1      | 0 ||| qw: Do Orc after D:15 true
     0 | D:1      | 0 ||| qw: Do second Lair branch before Depths: true
     0 | D:1      | 0 ||| qw: Lair rune preference: random
     0 | D:1      | 0 ||| qw: Plans: Normal, Zot:1-4, Slime:5, God:TSO, Crypt,
                  | Tomb, Abyss, Pan, Hells, Win
     0 | D:1      | 0 ||| PLANNING D:1-11
    35 | D:1      | Reached XP level 2. HP: 12/17 MP: 2/2
   241 | D:1      | 241 ||| FLEEEEING.
   242 | D:1      | 242 ||| FLEEEEING.
   243 | D:1      | 243 ||| FLEEEEING.
   258 | D:1      | Found a faded altar of an unknown god.
   272 | D:1      | Reached XP level 3. HP: 21/21 MP: 3/3
   560 | D:1      | 560 ||| UPGRADING to +0 ring mail.
   570 | D:1      | 570 ||| DROPPING +0 leather armour.
   571 | D:1      | 571 ||| READING scroll labelled KISYKL ZE GEF.
   576 | D:1      | 576 ||| READING scroll labelled UFIRHI YNYNT.
   577 | D:1      | 577 ||| READING scroll labelled UDAIL NIDWIFAC.
   578 | D:1      | 578 ||| DRINKING 2 metallic golden potions.
   578 | D:1      | Gained mutation: Your magical capacity is low. (-10% MP)
                  | [potion of mutation]
   578 | D:1      | Gained mutation: You are partially covered in iridescent
                  | scales. (AC +2) [potion of mutation]
   578 | D:1      | Gained mutation: A frigid envelope surrounds you and
                  | freezes all who hurt you. [potion of mutation]
   579 | D:1      | 579 ||| DROPPING scroll of butterflies.
   591 | D:2      | Noticed Sigmund
   597 | D:2      | Reached skill level 1 in Armour
   606 | D:2      | 606 ||| STAIRDANCE
   625 | D:2      | Killed Sigmund
   626 | D:2      | Reached skill level 5 in Fighting
   626 | D:2      | Reached XP level 4. HP: 31/31 MP: 3/3
   626 | D:2      | Reached XP level 5. HP: 35/35 MP: 4/4
   630 | D:2      | Noticed Robin
   635 | D:2      | Killed Robin
   636 | D:2      | Reached XP level 6. HP: 40/40 MP: 5/5
   728 | D:2      | Found a glowing golden altar of the Shining One.
   865 | D:2      | Noticed Natasha
   875 | D:2      | Killed Natasha
   910 | D:2      | Found Nesoek's Antique Armour Boutique.
   915 | D:2      | 915 ||| BUYING pair of gloves (76 gold).
   915 | D:2      | Bought a pair of gloves for 76 gold pieces
  1059 | D:2      | Found Fazxiguf's Weapon Boutique.
  1073 | D:2      | 1073 ||| UPGRADING to +0 helmet.
  1078 | D:2      | 1078 ||| UPGRADING to +0 pair of gloves.
  1083 | D:2      | 1083 ||| READING 2 scrolls labelled USICWI TYCH.
  1124 | D:3      | Noticed Pargi
  1132 | D:3      | Killed Pargi
  1133 | D:3      | Reached skill level 6 in Ranged Weapons
  1146 | D:3      | Noticed Grinder
  1157 | D:3      | Paralysed by Grinder for 4 turns
  1164 | D:3      | Killed Grinder
  1165 | D:3      | Reached XP level 7. HP: 16/44 MP: 6/6
  1307 | D:3      | Found a white marble altar of Elyvilon.
  1504 | D:3      | Noticed Terence
  1511 | D:3      | Killed Terence
  1596 | D:3      | 1596 ||| DRINKING 2 amethyst potions.
  1597 | D:3      | 1597 ||| READING 2 scrolls of identify.
  1597 | D:3      | 1597 ||| IDENTIFYING viscous grey potion
  1892 | D:4      | Found a runed translucent door.
  1893 | D:4      | Noticed Crazy Yiuf
  2087 | D:4      | Found a burning altar of Makhleb.
  2228 | D:4      | Found a transporter.
  2229 | D:4      | Noticed qw's ghost (amateur NaHu)
  2233 | D:4      | Found a transporter.
  2338 | D:4      | 2338 ||| UPGRADING to +4 ring of protection.
  2339 | D:4      | 2339 ||| UPGRADING to +4 ring of slaying {mikee}.
  2340 | D:4      | 2340 ||| READING scroll labelled PAPOAS LOJAT.
  2341 | D:4      | 2341 ||| READING scroll labelled YPRAOV JOTUN.
  2342 | D:4      | 2342 ||| READING scroll labelled HAARGH CONGUG.
  2343 | D:4      | 2343 ||| DRINKING 2 glowing dark potions.
  2379 | D:5      | Entered Level 5 of the Dungeon
  2389 | D:5      | Reached XP level 8. HP: 47/50 MP: 7/7
  2455 | D:5      | Identified the +6 mace "Gram" {freeze, rN+ Dex+5}
  2533 | D:5      | Found a runed translucent door.
  2615 | D:5      | Found Neoss's Lightly-Used Armoury.
  2620 | D:5      | 2620 ||| BUYING -2 longbow (1 gold).
  2620 | D:5      | Bought a -2 longbow for 1 gold piece
  2620 | D:5      | 2620 ||| SWAPPING to -2 longbow.
  2621 | D:5      | 2621 ||| DROPPING +1 shortbow of draining.
  2636 | D:5      | Found a staircase to the Ecumenical Temple.
  2637 | D:5      | 2637 ||| PLANNING TEMPLE
  2637 | D:5      | 2637 ||| READING 2 scrolls labelled YLOQOO HERHO.
  2638 | D:5      | 2638 ||| READING 4 scrolls of identify.
  2638 | D:5      | 2638 ||| IDENTIFYING sapphire potion
  2639 | D:5      | 2639 ||| READING 3 scrolls of identify.
  2639 | D:5      | 2639 ||| IDENTIFYING fuming cyan potion
  2640 | D:5      | 2640 ||| READING 2 scrolls of identify.
  2640 | D:5      | 2640 ||| IDENTIFYING bubbling pink potion
  2641 | D:5      | 2641 ||| DROPPING potion of brilliance.
  2642 | D:5      | 2642 ||| DROPPING scroll of revelation.
  2652 | Temple   | Entered the Ecumenical Temple
  2762 | Temple   | 2762 ||| PLANNING D:1-11
  2791 | D:5      | Noticed Menkaure
  2795 | D:5      | Killed Menkaure
  3089 | D:5      | Found an ornate altar of the Wu Jian Council.
  3222 | D:5      | Noticed qw's ghost (novice GrFi)
  3271 | D:5      | 3271 ||| UPGRADING to +0 cloak.
  3288 | D:6      | Reached skill level 9 in Ranged Weapons
  3309 | D:6      | Reached skill level 3 in Armour
  3317 | D:6      | Reached skill level 6 in Fighting
  3322 | D:6      | Found an ancient bone altar of Kikubaaqudgha.
  3550 | D:6      | 3550 ||| READING scroll of enchant weapon.
  3550 | D:6      | 3550 ||| ENCHANTING -2 longbow.
  3688 | D:6      | Found Noghat's Distillery.
  3691 | D:6      | 3691 ||| BUYING potion of cancellation (120 gold).
  3691 | D:6      | Bought a potion of cancellation for 120 gold pieces
  3691 | D:6      | 3691 ||| BUYING potion of curing (45 gold).
  3691 | D:6      | Bought a potion of curing for 45 gold pieces
  3691 | D:6      | 3691 ||| SHOPLISTING potion of haste (150 gold, have 80).
  3691 | D:6      | 3691 ||| BUYING potion of heal wounds (75 gold).
  3691 | D:6      | Bought a potion of heal wounds for 75 gold pieces
  3691 | D:6      | 3691 ||| SHOPLISTING potion of might (60 gold, have 5).
  3691 | D:6      | 3691 ||| SHOPLISTING potion of mutation (120 gold, have 5).
  3920 | D:6      | Reached XP level 9. HP: 56/56 MP: 8/8
  4130 | D:6      | 4130 ||| UPGRADING to +6 ring of dexterity.
  4132 | D:6      | 4132 ||| DROPPING +4 ring of protection.
  4133 | D:6      | 4133 ||| READING scroll labelled ASEESCH TYSIM.
  4134 | D:6      | 4134 ||| READING scroll labelled WUMNOEWNUXI.
  4135 | D:6      | 4135 ||| DRINKING 2 clear potions.
  4136 | D:6      | 4136 ||| DRINKING 2 cyan potions.
  4169 | D:6      | 4169 ||| DROPPING potion of invisibility.
  4232 | D:7      | Noticed Prince Ribbit
  4241 | D:7      | Killed Prince Ribbit
  4242 | D:7      | Reached skill level 3 in Dodging
  4370 | D:7      | Reached skill level 7 in Fighting
  4560 | D:7      | 4560 ||| FLEEEEING.
  4562 | D:7      | 4562 ||| FLEEEEING.
  4563 | D:7      | 4563 ||| FLEEEEING.
  4564 | D:7      | 4564 ||| FLEEEEING.
  4570 | D:7      | 4570 ||| FLEEEEING.
  4571 | D:7      | 4571 ||| FLEEEEING.
  4572 | D:7      | 4572 ||| FLEEEEING.
  4573 | D:7      | 4573 ||| FLEEEEING.
  4574 | D:7      | 4574 ||| FLEEEEING.
  4575 | D:7      | 4575 ||| STAIRDANCE
  4611 | D:6      | 4611 ||| UPGRADING to +0 pair of boots.
  4616 | D:6      | 4616 ||| UPGRADING to amulet of the acrobat.
  4704 | D:7      | Noticed Joseph
  4712 | D:7      | HP: 14/57 [Joseph/sling bullet (13)]
  4713 | D:7      | 4713 ||| READING 3 scrolls of teleportation.
  4714 | D:7      | HP: 4/57 [Joseph/sling bullet (11)]
  4715 | D:7      | 4715 ||| DRINKING 2 potions of heal wounds.
  4717 | D:7      | Killed Joseph
  5142 | D:7      | 5142 ||| UPGRADING to +2 leather armour of fire resistance.
  5152 | D:7      | 5152 ||| DROPPING +0 ring mail.
  5153 | D:7      | 5153 ||| READING scroll labelled UMYASM OPSYET.
  5154 | D:7      | 5154 ||| READING scroll labelled LIUCYU CIF XUP.
  5155 | D:7      | 5155 ||| READING 2 scrolls of identify.
  5155 | D:7      | 5155 ||| IDENTIFYING bubbling golden potion
  5156 | D:7      | 5156 ||| DROPPING potion of berserk rage.
  5229 | D:8      | Noticed a hornet
  5238 | D:8      | Killed a hornet
  5239 | D:8      | Reached XP level 10. HP: 41/63 MP: 9/9
  5259 | D:8      | 5259 ||| FLEEEEING.
  5260 | D:8      | 5260 ||| STAIRDANCE
  5359 | D:8      | Found Dograep's Antique Armour Shop.
  5362 | D:8      | 5362 ||| SHOPLISTING glowing helmet (172 gold, have 68).
  5362 | D:8      | 5362 ||| SHOPLISTING runed leather armour (115 gold, have
                  | 68).
  5362 | D:8      | 5362 ||| SHOPLISTING steaming robe (131 gold, have 68).
  5389 | D:8      | Reached skill level 8 in Fighting
  5431 | D:8      | Found a radiant altar of Vehumet.
  5586 | D:8      | Found a transporter.
  5595 | D:8      | Found an iron altar of Okawaru.
  5595 | D:8      | Found a transporter.
  5596 | D:8      | 5596 ||| PLANNING OKAWARU WORSHIP
  5600 | D:8      | 5600 ||| FLEEEEING.
  5601 | D:8      | 5601 ||| FLEEEEING.
  5602 | D:8      | 5602 ||| FLEEEEING.
  5603 | D:8      | 5603 ||| FLEEEEING.
  5604 | D:8      | 5604 ||| FLEEEEING.
  5652 | D:8      | Noticed Erica
  5658 | D:8      | Killed Erica
  5659 | D:8      | Reached skill level 12 in Ranged Weapons
  5662 | D:8      | 5662 ||| READING scroll of enchant weapon.
  5662 | D:8      | 5662 ||| ENCHANTING -1 longbow.
  5667 | D:8      | Found a broken altar of Ashenzari.
  5668 | D:8      | 5668 ||| READING 2 scrolls of identify.
  5668 | D:8      | 5668 ||| IDENTIFYING inky potion
  5682 | D:8      | Found a glowing golden altar of the Shining One.
  5719 | D:8      | Became a worshipper of Warmaster Okawaru
  5720 | D:8      | 5720 ||| PLANNING D:1-11
  5830 | D:8      | 5830 ||| Stepping ~*~*~tactically~*~*~ (outnumbered).
  5837 | D:8      | 5837 ||| Stepping ~*~*~tactically~*~*~ (water).
  6012 | D:9      | 6012 ||| STAIRDANCE
  6041 | D:9      | 6041 ||| STAIRDANCE
  6093 | D:8      | 6093 ||| UPGRADING to +0 troll leather armour.
  6111 | D:9      | 6111 ||| STAIRDANCE
  6130 | D:9      | 6130 ||| STAIRDANCE
  6273 | D:9      | Reached * piety under Okawaru
  6290 | D:9      | Noticed a kobold demonologist
  6290 | D:9      | Noticed a kobold demonologist
  6293 | D:9      | Noticed a soul eater
  6293 | D:9      | 6293 ||| Stepping ~*~*~tactically~*~*~ (outnumbered).
  6295 | D:9      | 6295 ||| Stepping ~*~*~tactically~*~*~ (outnumbered).
  6299 | D:9      | 6299 ||| Stepping ~*~*~tactically~*~*~ (outnumbered).
  6300 | D:9      | Killed a kobold demonologist
  6301 | D:9      | Reached skill level 1 in Invocations
  6303 | D:9      | Noticed a sun demon
  6304 | D:9      | 6304 ||| INVOKING Heroism.
  6305 | D:9      | Killed a kobold demonologist
  6306 | D:9      | 6306 ||| Stepping ~*~*~tactically~*~*~ (outnumbered).
  6386 | D:9      | 6386 ||| INVOKING Heroism.
  6397 | D:9      | Reached skill level 3 in Invocations
  6397 | D:9      | Reached XP level 11. HP: 68/68 MP: 9/11
  6485 | D:9      | Found a snail-covered altar of Cheibriados.
  6512 | D:9      | Found a stormy altar of Qazlal.
  6570 | D:9      | Found a hazy altar of Hepliaklqana.
  6703 | D:9      | 6703 ||| READING 2 scrolls of identify.
  6703 | D:9      | 6703 ||| IDENTIFYING murky blue potion
  6704 | D:9      | 6704 ||| DROPPING potion of ambrosia.
  6742 | D:10     | Entered Level 10 of the Dungeon
  6749 | D:10     | Found a bloodstained altar of Trog.
  6870 | D:10     | Reached ** piety under Okawaru
  6918 | D:10     | Found a shimmering altar of Xom.
  6920 | D:10     | 6920 ||| INVOKING Heroism.
  6921 | D:10     | 6921 ||| Stepping ~*~*~tactically~*~*~ (outnumbered).
  6938 | D:10     | 6938 ||| INVOKING Heroism.
  7034 | D:10     | 7034 ||| Stepping randomly (disturbance).
  7035 | D:10     | 7035 ||| READING scroll labelled EGHIL ZEMAYTAHI.
  7036 | D:10     | 7036 ||| Stepping randomly (disturbance).
  7101 | D:10     | Reached skill level 9 in Fighting
  7177 | D:10     | Found a staircase to the Lair.
  7178 | D:10     | 7178 ||| INVOKING Heroism.
  7337 | D:10     | Noticed a soul eater
  7339 | D:10     | 7339 ||| INVOKING Heroism.
  7348 | D:10     | HP: 16/71 [something/ball of steam[a kobold demonologist]
                  | (13)]
  7349 | D:10     | 7349 ||| READING 5 scrolls of teleportation.
  7350 | D:10     | 7350 ||| DRINKING 3 potions of heal wounds.
  7473 | D:10     | Noticed a sixfirhy
  7477 | D:10     | Noticed a soul eater
  7487 | D:10     | 7487 ||| INVOKING Heroism.
  7507 | D:10     | Found a shadowy altar of Dithmenos.
  7647 | D:10     | 7647 ||| PLANNING LAIR
  7647 | D:10     | 7647 ||| READING scroll labelled XYHURO UNIK.
  7689 | Lair:1   | Entered Level 1 of the Lair of Beasts
  7689 | Lair:1   | Noticed Urug
  7690 | Lair:1   | 7690 ||| INVOKING Heroism.
  7695 | Lair:1   | Killed Urug
  7695 | Lair:1   | Reached *** piety under Okawaru
  7766 | Lair:1   | Noticed a boulder beetle
  7767 | Lair:1   | 7767 ||| INVOKING Heroism.
  7781 | Lair:1   | Killed a boulder beetle
  7787 | Lair:1   | 7787 ||| INVOKING Heroism.
  7788 | Lair:1   | Reached skill level 10 in Fighting
  7826 | Lair:1   | 7826 ||| INVOKING Heroism.
  7845 | Lair:1   | 7845 ||| INVOKING Heroism.
  7921 | Lair:1   | 7921 ||| INVOKING Heroism.
  7926 | Lair:1   | Reached skill level 6 in Dodging
  7945 | Lair:1   | Noticed Gastronok
  7946 | Lair:1   | 7946 ||| INVOKING Heroism.
  7958 | Lair:1   | Reached XP level 12. HP: 77/77 MP: 11/13
  7968 | Lair:1   | Killed Gastronok
  7973 | Lair:1   | Reached **** piety under Okawaru
  8118 | Lair:1   | 8118 ||| INVOKING Heroism.
  8274 | Lair:1   | 8274 ||| DROPPING ring of magical power.
  8286 | Lair:2   | Reached skill level 15 in Ranged Weapons
  8307 | Lair:2   | Noticed a six-headed hydra
  8308 | Lair:2   | 8308 ||| FLEEEEING.
  8309 | Lair:2   | 8309 ||| FLEEEEING.
  8310 | Lair:2   | 8310 ||| INVOKING Heroism.
  8317 | Lair:2   | Killed a six-headed hydra
  8336 | Lair:2   | 8336 ||| INVOKING Heroism.
  8346 | Lair:2   | Received a gift from Okawaru
  8351 | Lair:2   | HP: 10/77 [komodo dragon (16)]
  8352 | Lair:2   | 8352 ||| READING 5 scrolls of teleportation.
  8353 | Lair:2   | 8353 ||| DRINKING 2 potions of heal wounds.
  8448 | Lair:2   | 8448 ||| INVOKING Heroism.
  8704 | Lair:2   | 8704 ||| INVOKING Heroism.
  9001 | Lair:2   | 9001 ||| INVOKING Heroism.
  9013 | Lair:2   | Reached skill level 6 in Invocations
  9678 | Lair:2   | 9678 ||| READING 2 scrolls of identify.
  9678 | Lair:2   | 9678 ||| IDENTIFYING orange potion
  9679 | Lair:2   | 9679 ||| DROPPING potion of degeneration.
  9716 | Lair:3   | 9716 ||| INVOKING Heroism.
  9831 | Lair:3   | 9831 ||| INVOKING Heroism.
  9907 | Lair:3   | Noticed a catoblepas
  9908 | Lair:3   | 9908 ||| INVOKING Heroism.
  9914 | Lair:3   | Killed a catoblepas
  9915 | Lair:3   | Reached skill level 11 in Fighting
  9939 | Lair:3   | Found a hole to the Spider Nest.
  9946 | Lair:3   | Reached XP level 13. HP: 70/84 MP: 16/16
  9948 | Lair:3   | 9948 ||| INVOKING Heroism.
 10040 | Lair:3   | Reached skill level 6 in Armour
 10243 | Lair:3   | 10243 ||| INVOKING Heroism.
 10388 | Lair:3   | Found a staircase to the Shoals.
 10660 | Lair:4   | 10660 ||| INVOKING Heroism.
 10744 | Lair:4   | 10744 ||| INVOKING Heroism.
 10812 | Lair:4   | 10812 ||| INVOKING Heroism.
 10857 | Lair:4   | 10857 ||| INVOKING Heroism.
 11025 | Lair:4   | 11025 ||| INVOKING Heroism.
 11098 | Lair:4   | Reached skill level 9 in Invocations
 11417 | Lair:4   | 11417 ||| DROPPING ring of ice.
 11418 | Lair:4   | 11418 ||| READING scroll labelled VUPNOYR IXTENA.
 11418 | Lair:4   | Identified a scroll of acquirement
 11418 | Lair:4   | 11418 ||| ACQUIRING ring of Waniyt Dopa {Slay+6 SInv}
 11418 | Lair:4   | Acquired the ring of Waniyt Dopa {Slay+6 SInv}
 11420 | Lair:4   | 11420 ||| UPGRADING to ring of Waniyt Dopa {Slay+6 SInv}.
 11422 | Lair:4   | 11422 ||| UPGRADING to +6 ring of dexterity.
 11424 | Lair:4   | 11424 ||| DROPPING +4 ring of slaying {mikee}.
 11454 | Lair:5   | Entered Level 5 of the Lair of Beasts
 11460 | Lair:5   | 11460 ||| INVOKING Heroism.
 11518 | Lair:5   | 11518 ||| INVOKING Heroism.
 11545 | Lair:5   | Reached ***** piety under Okawaru
 11574 | Lair:5   | 11574 ||| INVOKING Heroism.
 11605 | Lair:5   | Noticed a dire elephant
 11607 | Lair:5   | 11607 ||| INVOKING Heroism.
 11608 | Lair:5   | 11608 ||| INVOKING Finesse.
 11623 | Lair:5   | Killed a dire elephant
 11717 | Lair:5   | 11717 ||| INVOKING Heroism.
 11718 | Lair:5   | 11718 ||| INVOKING Finesse.
 11719 | Lair:5   | 11719 ||| Stepping ~*~*~tactically~*~*~ (outnumbered).
 11740 | Lair:5   | Gained mutation: Your large and strong wings let you fly.
                  | [Gargoyle growth]
 11740 | Lair:5   | Reached XP level 14. HP: 55/90 MP: 12/19
 11790 | Lair:5   | Noticed a dire elephant
 11791 | Lair:5   | 11791 ||| INVOKING Heroism.
 11800 | Lair:5   | Killed a dire elephant
 11965 | Lair:5   | 11965 ||| INVOKING Heroism.
 11966 | Lair:5   | 11966 ||| INVOKING Finesse.
 11985 | Lair:5   | Reached skill level 18 in Ranged Weapons
 11989 | Lair:5   | Received a gift from Okawaru
 12079 | Lair:5   | Reached skill level 12 in Fighting
 12103 | Lair:5   | Found a staircase to the Slime Pits.
 12267 | Lair:5   | 12267 ||| INVOKING Heroism.
 12317 | Lair:5   | 12317 ||| INVOKING Heroism.
 12360 | Lair:5   | 12360 ||| INVOKING Heroism.
 12408 | Lair:5   | 12408 ||| Stepping ~*~*~tactically~*~*~ (cloud).
 12925 | Lair:5   | 12925 ||| PLANNING D:1-11
 13246 | D:11     | 13246 ||| FLEEEEING.
 13247 | D:11     | 13247 ||| FLEEEEING.
 13248 | D:11     | 13248 ||| FLEEEEING.
 13249 | D:11     | 13249 ||| FLEEEEING.
 13250 | D:11     | 13250 ||| FLEEEEING.
 13300 | D:11     | Found a frozen archway.
 13815 | D:11     | 13815 ||| PLANNING D
 13815 | D:11     | 13815 ||| UPGRADING to +2 hat.
 13825 | D:11     | 13825 ||| DROPPING +0 helmet.
 13826 | D:11     | 13826 ||| READING scroll labelled XITUIDGHENAUG.
 13902 | D:12     | 13902 ||| INVOKING Heroism.
 14017 | D:12     | Reached XP level 15. HP: 87/96 MP: 20/20
 14181 | D:12     | Found a staircase to the Orcish Mines.
 14369 | D:12     | Identified the +8 arbalest of the Stopping Gods {penet,
                  | rF+} (Okawaru gifted it to you on level 12 of the Dungeon)
 14369 | D:12     | Received a gift from Okawaru
 14371 | D:12     | 14371 ||| SWAPPING to +8 arbalest of the Stopping Gods
                  | {penet, rF+}.
 14497 | D:12     | Found Rykk's Magic Scroll Emporium.
 14500 | D:12     | 14500 ||| BUYING scroll of enchant armour (105 gold).
 14500 | D:12     | Bought a scroll of enchant armour for 105 gold pieces
 14500 | D:12     | 14500 ||| BUYING scroll of enchant weapon (105 gold).
 14500 | D:12     | Bought a scroll of enchant weapon for 105 gold pieces
 14500 | D:12     | 14500 ||| BUYING scroll of teleportation (42 gold).
 14500 | D:12     | Bought a scroll of teleportation for 42 gold pieces
 14500 | D:12     | 14500 ||| READING scroll of enchant armour.
 14500 | D:12     | 14500 ||| ENCHANTING +0 pair of gloves.
 14722 | D:12     | 14722 ||| UPGRADING to scarf of repulsion.
 14732 | D:12     | 14732 ||| READING 2 scrolls of identify.
 14732 | D:12     | 14732 ||| IDENTIFYING grey potion
 14818 | D:13     | Reached skill level 9 in Dodging
 14822 | D:13     | 14822 ||| INVOKING Heroism.
 14886 | D:13     | Found a gate to the Vaults.
 14891 | D:13     | 14891 ||| INVOKING Heroism.
 14978 | D:13     | Noticed Sonja
 14979 | D:13     | 14979 ||| INVOKING Finesse.
 14980 | D:13     | Killed Sonja
 15010 | D:13     | 15010 ||| READING scroll of enchant armour.
 15010 | D:13     | 15010 ||| ENCHANTING +1 pair of gloves.
 15169 | D:13     | Noticed Snorg
 15175 | D:13     | 15175 ||| INVOKING Heroism.
 15176 | D:13     | Killed Snorg
 15177 | D:13     | Reached skill level 13 in Fighting
 15492 | D:14     | 15492 ||| INVOKING Heroism.
 15594 | D:14     | Reached skill level 14 in Fighting
 15703 | D:14     | 15703 ||| INVOKING Heroism.
 15710 | D:14     | Received a gift from Okawaru
 15756 | D:14     | 15756 ||| DROPPING +2 heavy arbalest.
 15939 | D:14     | 15939 ||| INVOKING Heroism.
 15940 | D:14     | 15940 ||| INVOKING Finesse.
 15982 | D:14     | 15982 ||| INVOKING Heroism.
 16006 | D:14     | 16006 ||| INVOKING Finesse.
 16081 | D:14     | Found a runed translucent door.
 16085 | D:14     | Noticed Kisaoc's ghost (journeyman GrFi)
 16204 | D:14     | 16204 ||| INVOKING Heroism.
 16205 | D:14     | 16205 ||| INVOKING Finesse.
 16591 | D:14     | 16591 ||| Stepping randomly (stuck).
 16616 | D:15     | Entered Level 15 of the Dungeon
 16745 | D:15     | Noticed Louise
 16746 | D:15     | 16746 ||| INVOKING Heroism.
 16747 | D:15     | 16747 ||| INVOKING Finesse.
 16758 | D:15     | Killed Louise
 16846 | D:15     | 16846 ||| Stepping ~*~*~tactically~*~*~ (outnumbered).
 16848 | D:15     | 16848 ||| Stepping ~*~*~tactically~*~*~ (outnumbered).
 16851 | D:15     | 16851 ||| Stepping ~*~*~tactically~*~*~ (outnumbered).
 16907 | D:15     | 16907 ||| INVOKING Heroism.
 16939 | D:15     | Found a staircase to the Depths.
 16950 | D:15     | 16950 ||| INVOKING Heroism.
 17448 | D:15     | 17448 ||| PLANNING ORC
 17448 | D:15     | 17448 ||| READING 6 scrolls of identify.
 17448 | D:15     | 17448 ||| IDENTIFYING red potion
 17527 | Orc:1    | Entered Level 1 of the Orcish Mines
 17614 | Orc:1    | Found Juraff's Antique Weapon Boutique.
 17615 | Orc:1    | 17615 ||| INVOKING Heroism.
 17616 | Orc:1    | 17616 ||| Stepping ~*~*~tactically~*~*~ (outnumbered).
 17617 | Orc:1    | 17617 ||| Stepping ~*~*~tactically~*~*~ (outnumbered).
 17623 | Orc:1    | 17623 ||| Stepping ~*~*~tactically~*~*~ (outnumbered).
 17632 | Orc:1    | Reached skill level 15 in Fighting
 17638 | Orc:1    | 17638 ||| Stepping ~*~*~tactically~*~*~ (outnumbered).
 17640 | Orc:1    | 17640 ||| Stepping ~*~*~tactically~*~*~ (outnumbered).
 17663 | Orc:1    | Found Woeliq's Antique Armour Shoppe.
 17663 | Orc:1    | Found Zugip's Antique Weapon Shop.
 17672 | Orc:1    | 17672 ||| BUYING bloodstained leather armour (168 gold).
 17672 | Orc:1    | Bought a bloodstained leather armour for 168 gold pieces
 17672 | Orc:1    | Identified the +0 leather armour of Daisies {+Blink Stlth+}
                  | (You bought it in a shop on level 1 of the Orcish Mines)
 17672 | Orc:1    | 17672 ||| BUYING pair of glowing gloves (180 gold).
 17672 | Orc:1    | Bought a pair of glowing gloves for 180 gold pieces
 17672 | Orc:1    | 17672 ||| BUYING shiny helmet (180 gold).
 17672 | Orc:1    | Bought a shiny helmet for 180 gold pieces
 17675 | Orc:1    | Reached XP level 16. HP: 108/108 MP: 21/21
 17675 | Orc:1    | 17675 ||| INVOKING Heroism.
 17747 | Orc:1    | 17747 ||| Stepping ~*~*~tactically~*~*~ (outnumbered).
 17749 | Orc:1    | 17749 ||| Stepping ~*~*~tactically~*~*~ (outnumbered).
 17751 | Orc:1    | 17751 ||| Stepping ~*~*~tactically~*~*~ (outnumbered).
 17890 | Orc:1    | 17890 ||| DROPPING +0 leather armour of Daisies {+Blink
                  | Stlth+}.
 17891 | Orc:1    | 17891 ||| DROPPING +0 pair of gloves of stealth.
 17892 | Orc:1    | 17892 ||| DROPPING +0 helmet of intelligence.
 17912 | Orc:2    | Entered Level 2 of the Orcish Mines
 17915 | Orc:2    | Noticed Rupert
 17916 | Orc:2    | 17916 ||| INVOKING Heroism.
 17917 | Orc:2    | 17917 ||| INVOKING Finesse.
 17920 | Orc:2    | Killed Rupert
 17982 | Orc:2    | 17982 ||| FLEEEEING.
 17983 | Orc:2    | 17983 ||| FLEEEEING.
 17984 | Orc:2    | 17984 ||| FLEEEEING.
 17997 | Orc:2    | 17997 ||| INVOKING Heroism.
 18091 | Orc:2    | 18091 ||| INVOKING Heroism.
 18099 | Orc:2    | Noticed Azrael
 18100 | Orc:2    | 18100 ||| INVOKING Finesse.
 18109 | Orc:2    | Killed Azrael
 18113 | Orc:2    | Reached skill level 16 in Fighting
 18162 | Orc:2    | 18162 ||| INVOKING Heroism.
 18163 | Orc:2    | 18163 ||| Stepping ~*~*~tactically~*~*~ (outnumbered).
 18179 | Orc:2    | 18179 ||| Stepping ~*~*~tactically~*~*~ (outnumbered).
 18181 | Orc:2    | 18181 ||| Stepping ~*~*~tactically~*~*~ (outnumbered).
 18187 | Orc:2    | 18187 ||| Stepping ~*~*~tactically~*~*~ (outnumbered).
 18204 | Orc:2    | 18204 ||| INVOKING Heroism.
 18208 | Orc:2    | 18208 ||| Stepping ~*~*~tactically~*~*~ (outnumbered).
 18227 | Orc:2    | 18227 ||| Stepping ~*~*~tactically~*~*~ (outnumbered).
 18254 | Orc:2    | Found Degg's Magic Scroll Shop.
 18254 | Orc:2    | Found Lisic's Distillery.
 18256 | Orc:2    | Found Julupn's Book Shop.
 18256 | Orc:2    | Found Kiutokh's Assorted Antiques.
 18262 | Orc:2    | 18262 ||| BUYING scroll of enchant weapon (105 gold).
 18262 | Orc:2    | Bought a scroll of enchant weapon for 105 gold pieces
 18262 | Orc:2    | 18262 ||| BUYING scroll of enchant weapon (105 gold).
 18262 | Orc:2    | Bought a scroll of enchant weapon for 105 gold pieces
 18262 | Orc:2    | 18262 ||| BUYING scroll of identify (28 gold).
 18262 | Orc:2    | Bought a scroll of identify for 28 gold pieces
 18262 | Orc:2    | 18262 ||| BUYING scroll of identify (28 gold).
 18262 | Orc:2    | Bought a scroll of identify for 28 gold pieces
 18262 | Orc:2    | 18262 ||| BUYING scroll of teleportation (42 gold).
 18262 | Orc:2    | Bought a scroll of teleportation for 42 gold pieces
 18266 | Orc:2    | 18266 ||| BUYING 2 potions of lignification (156 gold).
 18266 | Orc:2    | Bought 2 potions of lignification for 156 gold pieces
 18266 | Orc:2    | 18266 ||| BUYING potion of curing (78 gold).
 18266 | Orc:2    | Bought a potion of curing for 78 gold pieces
 18266 | Orc:2    | 18266 ||| BUYING potion of enlightenment (130 gold).
 18266 | Orc:2    | Bought a potion of enlightenment for 130 gold pieces
 18266 | Orc:2    | 18266 ||| BUYING potion of lignification (78 gold).
 18266 | Orc:2    | Bought a potion of lignification for 78 gold pieces
 18266 | Orc:2    | 18266 ||| BUYING scroll of brand weapon (247 gold).
 18266 | Orc:2    | Bought a scroll of brand weapon for 247 gold pieces
 18266 | Orc:2    | 18266 ||| SHOPLISTING scroll of enchant weapon (195 gold,
                  | have 143).
 18268 | Orc:2    | 18268 ||| BUYING potion of attraction (36 gold).
 18268 | Orc:2    | Bought a potion of attraction for 36 gold pieces
 18268 | Orc:2    | 18268 ||| BUYING potion of curing (36 gold).
 18268 | Orc:2    | Bought a potion of curing for 36 gold pieces
 18268 | Orc:2    | 18268 ||| BUYING potion of lignification (36 gold).
 18268 | Orc:2    | Bought a potion of lignification for 36 gold pieces
 18268 | Orc:2    | 18268 ||| SHOPLISTING potion of lignification (36 gold,
                  | have 35).
 18268 | Orc:2    | 18268 ||| SHOPLISTING potion of might (48 gold, have 35).
 18268 | Orc:2    | 18268 ||| SHOPLISTING potion of mutation (96 gold, have
                  | 35).
 18361 | Orc:2    | Found a staircase to the Elven Halls.
 18369 | Orc:1    | 18369 ||| INVOKING Heroism.
 18510 | Orc:1    | 18510 ||| INVOKING Heroism.
 18560 | Orc:1    | 18560 ||| INVOKING Heroism.
 18611 | Orc:1    | 18611 ||| INVOKING Heroism.
 18612 | Orc:1    | 18612 ||| Stepping ~*~*~tactically~*~*~ (outnumbered).
 18613 | Orc:1    | 18613 ||| Stepping ~*~*~tactically~*~*~ (outnumbered).
 18615 | Orc:1    | 18615 ||| Stepping ~*~*~tactically~*~*~ (outnumbered).
 18636 | Orc:1    | 18636 ||| Stepping ~*~*~tactically~*~*~ (outnumbered).
 18675 | Orc:1    | 18675 ||| INVOKING Heroism.
 19028 | Orc:2    | 19028 ||| PLANNING SPIDER:1-3
 19194 | Spider:1 | Entered Level 1 of the Spider Nest
 19198 | Spider:1 | 19198 ||| INVOKING Heroism.
 19461 | Spider:1 | Reached skill level 17 in Fighting
 19475 | Spider:1 | 19475 ||| INVOKING Finesse.
 19602 | Spider:1 | 19602 ||| INVOKING Finesse.
 19607 | Spider:1 | 19607 ||| INVOKING Heroism.
 19665 | Spider:1 | 19665 ||| INVOKING Heroism.
 19890 | Spider:2 | 19890 ||| INVOKING Finesse.
 19959 | Spider:2 | Noticed Kirke
 19961 | Spider:2 | 19961 ||| INVOKING Heroism.
 19962 | Spider:2 | 19962 ||| INVOKING Finesse.
 19968 | Spider:2 | Killed Kirke
 19983 | Spider:2 | Reached skill level 12 in Dodging
 20011 | Spider:2 | 20011 ||| INVOKING Heroism.
 20079 | Spider:2 | 20079 ||| INVOKING Finesse.
 20082 | Spider:2 | Reached XP level 17. HP: 117/117 MP: 16/22
 20218 | Spider:2 | Noticed Arachne
 20219 | Spider:2 | 20219 ||| Stepping ~*~*~tactically~*~*~ (outnumbered).
 20224 | Spider:2 | 20224 ||| INVOKING Heroism.
 20226 | Spider:2 | 20226 ||| DRINKING 14 potions of curing.
 20226 | Spider:2 | 20226 ||| (to cure confusion)
 20231 | Spider:2 | 20231 ||| Stepping ~*~*~tactically~*~*~ (outnumbered).
 20238 | Spider:2 | 20238 ||| INVOKING Heroism.
 20261 | Spider:2 | Killed Arachne
 20318 | Spider:2 | Noticed Aizul
 20319 | Spider:2 | 20319 ||| INVOKING Heroism.
 20333 | Spider:2 | Killed Aizul
 20529 | Spider:2 | Reached skill level 18 in Fighting
 20530 | Spider:2 | Received a gift from Okawaru
 20556 | Spider:2 | Reached skill level 9 in Armour
 20617 | Spider:2 | Found a runed translucent door.
 20620 | Spider:2 | Noticed qw's ghost (adept GrFi)
 21829 | Spider:3 | 21829 ||| READING scroll of enchant armour.
 21829 | Spider:3 | 21829 ||| ENCHANTING +0 pair of boots.
 21857 | Spider:3 | 21857 ||| INVOKING Heroism.
 22113 | Spider:3 | 22113 ||| INVOKING Heroism.
 22231 | Spider:3 | 22231 ||| INVOKING Finesse.
 22296 | Spider:3 | Received a gift from Okawaru
 22444 | Spider:3 | 22444 ||| INVOKING Heroism.
 22447 | Spider:3 | Reached skill level 19 in Fighting
 22481 | Spider:3 | 22481 ||| Stepping ~*~*~tactically~*~*~ (outnumbered).
 22530 | Spider:3 | 22530 ||| Stepping ~*~*~tactically~*~*~ (outnumbered).
 22839 | Spider:3 | 22839 ||| PLANNING SHOALS:1-3
 22986 | Shoals:1 | Entered Level 1 of the Shoals
 23025 | Shoals:1 | 23025 ||| INVOKING Heroism.
 23200 | Shoals:1 | Identified the +0 pair of boots of Sunlight {Harm *Corrode
                  | Str+2} (Okawaru gifted it to you on level 1 of the Shoals)
 23200 | Shoals:1 | Received a gift from Okawaru
 23226 | Shoals:1 | 23226 ||| INVOKING Heroism.
 23255 | Shoals:1 | 23255 ||| INVOKING Finesse.
 23260 | Shoals:1 | 23260 ||| INVOKING Heroism.
 23356 | Shoals:1 | 23356 ||| INVOKING Heroism.
 23736 | Shoals:1 | Found a shimmering altar of Xom.
 23765 | Shoals:1 | 23765 ||| DROPPING +0 pair of boots of Sunlight {Harm
                  | *Corrode Str+2}.
 23818 | Shoals:2 | 23818 ||| Stepping ~*~*~tactically~*~*~ (outnumbered).
 23819 | Shoals:2 | Noticed Ilsuiw
 23820 | Shoals:2 | 23820 ||| INVOKING Heroism.
 23823 | Shoals:2 | 23823 ||| Stepping ~*~*~tactically~*~*~ (outnumbered).
 23827 | Shoals:2 | 23827 ||| Stepping ~*~*~tactically~*~*~ (outnumbered).
 23835 | Shoals:2 | Killed Ilsuiw
 23881 | Shoals:2 | 23881 ||| FLEEEEING.
 23882 | Shoals:2 | 23882 ||| FLEEEEING.
 23883 | Shoals:2 | 23883 ||| FLEEEEING.
 23884 | Shoals:2 | 23884 ||| FLEEEEING.
 23885 | Shoals:2 | 23885 ||| FLEEEEING.
 23886 | Shoals:2 | 23886 ||| FLEEEEING.
 23887 | Shoals:2 | 23887 ||| FLEEEEING.
 23914 | Shoals:2 | 23914 ||| Stepping ~*~*~tactically~*~*~ (outnumbered).
 23916 | Shoals:2 | 23916 ||| Stepping ~*~*~tactically~*~*~ (outnumbered).
 23919 | Shoals:2 | 23919 ||| Stepping ~*~*~tactically~*~*~ (outnumbered).
 23928 | Shoals:2 | Reached XP level 18. HP: 88/128 MP: 22/22
 23928 | Shoals:2 | 23928 ||| INVOKING Heroism.
 23995 | Shoals:2 | 23995 ||| SWAPPING to +1 longbow of freezing.
 23996 | Shoals:2 | 23996 ||| DROPPING +0 longbow.
 23997 | Shoals:2 | 23997 ||| READING 3 scrolls of enchant weapon.
 23997 | Shoals:2 | 23997 ||| ENCHANTING +1 longbow of freezing.
 23998 | Shoals:2 | 23998 ||| READING 2 scrolls of enchant weapon.
 23998 | Shoals:2 | 23998 ||| ENCHANTING +2 longbow of freezing.
 23999 | Shoals:2 | 23999 ||| READING scroll of enchant weapon.
 23999 | Shoals:2 | 23999 ||| ENCHANTING +3 longbow of freezing.
 24000 | Shoals:2 | 24000 ||| READING scroll of brand weapon.
 24000 | Shoals:2 | 24000 ||| BRANDING +4 longbow of freezing.
 24221 | Shoals:2 | Found Ojokkom's Antique Armour Emporium.
 24226 | Shoals:2 | Identified the +0 scale mail of Mezcal {+Blink Fly rC++
                  | Int-3}
 24227 | Shoals:2 | Found a transporter.
 24240 | Shoals:2 | 24240 ||| BUYING ancient leather armour (287 gold).
 24240 | Shoals:2 | Bought an ancient leather armour for 287 gold pieces
 24240 | Shoals:2 | Identified the +0 leather armour of the Bulwark {+Inv rC++}
                  | (You bought it in a shop on level 2 of the Shoals)
 24240 | Shoals:2 | 24240 ||| BUYING embroidered cloak (307 gold).
 24240 | Shoals:2 | Bought an embroidered cloak for 307 gold pieces
 24240 | Shoals:2 | 24240 ||| BUYING smoking robe (233 gold).
 24240 | Shoals:2 | Bought a smoking robe for 233 gold pieces
 24240 | Shoals:2 | Identified the +0 robe of Enuysu {Regen+ Str+2} (You bought
                  | it in a shop on level 2 of the Shoals)
 24240 | Shoals:2 | 24240 ||| SHOPLISTING warped helmet (389 gold, have 27).
 24250 | Shoals:2 | Found a transporter.
 24297 | Shoals:2 | Found a bloodstained altar of Trog.
 24297 | Shoals:2 | Noticed qw's ghost (adept NaHu)
 24360 | Shoals:2 | 24360 ||| INVOKING Heroism.
 24513 | Shoals:2 | 24513 ||| INVOKING Heroism.
 24714 | Shoals:2 | 24714 ||| INVOKING Heroism.
 24737 | Shoals:2 | 24737 ||| Stepping ~*~*~tactically~*~*~ (outnumbered).
 24738 | Shoals:2 | 24738 ||| Stepping ~*~*~tactically~*~*~ (outnumbered).
 24783 | Shoals:2 | 24783 ||| DROPPING +0 cloak.
 24784 | Shoals:2 | 24784 ||| DROPPING +0 robe of Enuysu {Regen+ Str+2}.
 24803 | Shoals:3 | 24803 ||| INVOKING Heroism.
 24831 | Shoals:3 | Found Muabezeo's Distillery.
 24839 | Shoals:3 | 24839 ||| SHOPLISTING 2 potions of mutation (320 gold, have
                  | 103).
 24839 | Shoals:3 | 24839 ||| BUYING potion of curing (60 gold).
 24839 | Shoals:3 | Bought a potion of curing for 60 gold pieces
 24839 | Shoals:3 | 24839 ||| SHOPLISTING potion of enlightenment (100 gold,
                  | have 43).
 24839 | Shoals:3 | 24839 ||| SHOPLISTING potion of heal wounds (100 gold, have
                  | 43).
 24839 | Shoals:3 | 24839 ||| SHOPLISTING potion of might (80 gold, have 43).
 24856 | Shoals:3 | 24856 ||| Stepping ~*~*~tactically~*~*~ (outnumbered).
 24914 | Shoals:3 | Found Guridei's Assorted Antiques.
 24924 | Shoals:3 | 24924 ||| SHOPLISTING scroll of teleportation (114 gold,
                  | have 43).
 24927 | Shoals:3 | 24927 ||| INVOKING Heroism.
 24963 | Shoals:3 | Found Enuapn's Book Shoppe.
 25155 | Shoals:3 | Reached skill level 20 in Fighting
 25259 | Shoals:3 | Found Deoph's Armour Shoppe.
 25261 | Shoals:3 | Found Ushujich's General Store.
 25275 | Shoals:3 | 25275 ||| SHOPLISTING +2 leather armour of cold resistance
                  | (361 gold, have 113).
 25277 | Shoals:3 | 25277 ||| BUYING potion of heal wounds (95 gold).
 25277 | Shoals:3 | Bought a potion of heal wounds for 95 gold pieces
 25277 | Shoals:3 | 25277 ||| SHOPLISTING scroll of teleportation (57 gold,
                  | have 18).
 25332 | Shoals:3 | 25332 ||| INVOKING Heroism.
 25515 | Shoals:3 | 25515 ||| PLANNING SPIDER:4
 25515 | Shoals:3 | 25515 ||| DROPPING scarf of shadows.
 25727 | Spider:4 | Entered Level 4 of the Spider Nest
 25842 | Spider:4 | 25842 ||| INVOKING Heroism.
 26040 | Spider:4 | 26040 ||| INVOKING Finesse.
 26088 | Spider:4 | 26088 ||| INVOKING Heroism.
 26137 | Spider:4 | 26137 ||| INVOKING Finesse.
 26138 | Spider:4 | 26138 ||| INVOKING Heroism.
 26220 | Spider:4 | 26220 ||| INVOKING Heroism.
 26243 | Spider:4 | 26243 ||| INVOKING Finesse.
 26288 | Spider:4 | 26288 ||| INVOKING Heroism.
 26295 | Spider:4 | 26295 ||| Stepping ~*~*~tactically~*~*~ (outnumbered).
 26337 | Spider:4 | Identified the +4 scale mail "Veshrihiz" {Int+3} (Okawaru
                  | gifted it to you on level 4 of the Spider Nest)
 26337 | Spider:4 | Received a gift from Okawaru
 26359 | Spider:4 | Got a gossamer rune of Zot
 26369 | Spider:4 | 26369 ||| INVOKING Heroism.
 26370 | Spider:4 | 26370 ||| INVOKING Finesse.
 26371 | Spider:4 | 26371 ||| Stepping ~*~*~tactically~*~*~ (outnumbered).
 26405 | Spider:4 | Reached XP level 19. HP: 130/136 MP: 18/23
 26415 | Spider:4 | 26415 ||| INVOKING Heroism.
 26499 | Spider:4 | 26499 ||| INVOKING Heroism.
 26911 | Spider:4 | 26911 ||| PLANNING VAULTS:1-4
 26911 | Spider:4 | 26911 ||| DROPPING scarf of invisibility.
 27124 | Vaults:1 | Entered Level 1 of the Vaults
 27190 | Vaults:1 | 27190 ||| Stepping ~*~*~tactically~*~*~ (outnumbered).
 27231 | Vaults:1 | Found a transporter.
 27248 | Vaults:1 | Found a transporter.
 27288 | Vaults:1 | Found a one-way gate to the infinite horrors of the Abyss.
 27288 | Vaults:1 | Noticed eruonna's ghost (veteran HOBe)
 27313 | Vaults:1 | Reached skill level 21 in Fighting
 27336 | Vaults:1 | 27336 ||| FLEEEEING.
 27337 | Vaults:1 | 27337 ||| FLEEEEING.
 27338 | Vaults:1 | 27338 ||| FLEEEEING.
 27339 | Vaults:1 | 27339 ||| FLEEEEING.
 27565 | Vaults:1 | Paralysed by a great orb of eyes for 5 turns
 27574 | Vaults:1 | 27574 ||| FLEEEEING.
 27575 | Vaults:1 | 27575 ||| FLEEEEING.
 27580 | Vaults:1 | 27580 ||| FLEEEEING.
 27582 | Vaults:1 | 27582 ||| FLEEEEING.
 27583 | Vaults:1 | 27583 ||| FLEEEEING.
 27584 | Vaults:1 | 27584 ||| FLEEEEING.
 27585 | Vaults:1 | 27585 ||| FLEEEEING.
 27586 | Vaults:1 | 27586 ||| FLEEEEING.
 27587 | Vaults:1 | 27587 ||| FLEEEEING.
 27588 | Vaults:1 | 27588 ||| FLEEEEING.
 27599 | Vaults:1 | 27599 ||| FLEEEEING.
 27600 | Vaults:1 | 27600 ||| FLEEEEING.
 27601 | Vaults:1 | 27601 ||| FLEEEEING.
 27608 | Vaults:1 | 27608 ||| FLEEEEING.
 27609 | Vaults:1 | 27609 ||| FLEEEEING.
 27610 | Vaults:1 | 27610 ||| FLEEEEING.
 27611 | Vaults:1 | 27611 ||| FLEEEEING.
 27612 | Vaults:1 | 27612 ||| FLEEEEING.
 27615 | Vaults:1 | 27615 ||| FLEEEEING.
 27616 | Vaults:1 | 27616 ||| FLEEEEING.
 27617 | Vaults:1 | 27617 ||| FLEEEEING.
 27618 | Vaults:1 | 27618 ||| FLEEEEING.
 27619 | Vaults:1 | 27619 ||| FLEEEEING.
 27620 | Vaults:1 | 27620 ||| FLEEEEING.
 27621 | Vaults:1 | 27621 ||| FLEEEEING.
 27632 | Vaults:1 | 27632 ||| FLEEEEING.
 27633 | Vaults:1 | 27633 ||| FLEEEEING.
 27634 | Vaults:1 | 27634 ||| FLEEEEING.
 27635 | Vaults:1 | 27635 ||| FLEEEEING.
 27637 | Vaults:1 | 27637 ||| STAIRDANCE
 27787 | Vaults:1 | 27787 ||| Stepping ~*~*~tactically~*~*~ (outnumbered).
 27788 | Vaults:1 | 27788 ||| Stepping ~*~*~tactically~*~*~ (outnumbered).
 27912 | Vaults:1 | You are sucked into a shaft and drop 1 floor!
 27931 | Vaults:2 | 27931 ||| INVOKING Heroism.
 27937 | Vaults:2 | 27937 ||| Stepping ~*~*~tactically~*~*~ (outnumbered).
 27941 | Vaults:2 | 27941 ||| Stepping ~*~*~tactically~*~*~ (outnumbered).
 28044 | Vaults:2 | 28044 ||| INVOKING Heroism.
 28174 | Vaults:2 | Reached skill level 15 in Dodging
 28180 | Vaults:2 | 28180 ||| FLEEEEING.
 28183 | Vaults:2 | 28183 ||| FLEEEEING.
 28184 | Vaults:2 | 28184 ||| FLEEEEING.
 28188 | Vaults:2 | 28188 ||| STAIRDANCE
 28512 | Vaults:1 | 28512 ||| FLEEEEING.
 28568 | Vaults:1 | 28568 ||| Stepping ~*~*~tactically~*~*~ (outnumbered).
 28573 | Vaults:1 | 28573 ||| Stepping ~*~*~tactically~*~*~ (outnumbered).
 28635 | Vaults:1 | 28635 ||| FLEEEEING.
 28637 | Vaults:1 | 28637 ||| FLEEEEING.
 28638 | Vaults:1 | 28638 ||| FLEEEEING.
 28640 | Vaults:1 | 28640 ||| FLEEEEING.
 28643 | Vaults:1 | 28643 ||| FLEEEEING.
 28644 | Vaults:1 | 28644 ||| FLEEEEING.
 28645 | Vaults:1 | 28645 ||| FLEEEEING.
 28647 | Vaults:1 | 28647 ||| FLEEEEING.
 28650 | Vaults:1 | 28650 ||| FLEEEEING.
 28651 | Vaults:1 | 28651 ||| FLEEEEING.
 28656 | Vaults:1 | 28656 ||| FLEEEEING.
 28657 | Vaults:1 | 28657 ||| FLEEEEING.
 28658 | Vaults:1 | 28658 ||| FLEEEEING.
 28783 | Vaults:1 | 28783 ||| UPGRADING to amulet of regeneration.
 28793 | Vaults:1 | 28793 ||| DROPPING amulet of the acrobat.
 28945 | Vaults:2 | 28945 ||| FLEEEEING.
 28946 | Vaults:2 | 28946 ||| FLEEEEING.
 28947 | Vaults:2 | 28947 ||| FLEEEEING.
 28948 | Vaults:2 | 28948 ||| FLEEEEING.
 28949 | Vaults:2 | 28949 ||| FLEEEEING.
 28950 | Vaults:2 | 28950 ||| FLEEEEING.
 28951 | Vaults:2 | 28951 ||| FLEEEEING.
 28957 | Vaults:2 | 28957 ||| FLEEEEING.
 28958 | Vaults:2 | 28958 ||| FLEEEEING.
 28959 | Vaults:2 | 28959 ||| FLEEEEING.
 28960 | Vaults:2 | 28960 ||| FLEEEEING.
 28967 | Vaults:2 | 28967 ||| FLEEEEING.
 28968 | Vaults:2 | 28968 ||| FLEEEEING.
 28969 | Vaults:2 | 28969 ||| FLEEEEING.
 28970 | Vaults:2 | 28970 ||| FLEEEEING.
 28974 | Vaults:2 | 28974 ||| FLEEEEING.
 28975 | Vaults:2 | 28975 ||| FLEEEEING.
 28976 | Vaults:2 | 28976 ||| FLEEEEING.
 28977 | Vaults:2 | 28977 ||| FLEEEEING.
 28978 | Vaults:2 | 28978 ||| FLEEEEING.
 28979 | Vaults:2 | 28979 ||| FLEEEEING.
 28980 | Vaults:2 | 28980 ||| FLEEEEING.
 28984 | Vaults:2 | 28984 ||| FLEEEEING.
 28985 | Vaults:2 | 28985 ||| FLEEEEING.
 28986 | Vaults:2 | 28986 ||| FLEEEEING.
 28987 | Vaults:2 | 28987 ||| FLEEEEING.
 28990 | Vaults:2 | 28990 ||| FLEEEEING.
 28991 | Vaults:2 | 28991 ||| FLEEEEING.
 28992 | Vaults:2 | 28992 ||| FLEEEEING.
 28993 | Vaults:2 | 28993 ||| FLEEEEING.
 28994 | Vaults:2 | 28994 ||| FLEEEEING.
 28995 | Vaults:2 | 28995 ||| STAIRDANCE
 29097 | Vaults:1 | 29097 ||| DROPPING +2 cloak.
 29111 | Vaults:2 | 29111 ||| STAIRDANCE
 29136 | Vaults:2 | Reached skill level 22 in Fighting
 29137 | Vaults:2 | 29137 ||| INVOKING Heroism.
 29138 | Vaults:2 | 29138 ||| INVOKING Finesse.
 29201 | Vaults:2 | 29201 ||| STAIRDANCE
 29918 | Vaults:2 | 29918 ||| READING scroll of enchant armour.
 29918 | Vaults:2 | 29918 ||| ENCHANTING +1 pair of boots.
 30147 | Vaults:3 | 30147 ||| PLANNING DESOLATION
 30181 | Vaults:3 | Found a crumbling gateway.
 30189 | Desolati | Entered the Desolation of Salt
 30223 | Desolati | Reached XP level 20. HP: 110/145 MP: 24/24
 30264 | Desolati | Identified the ring of Qynopt {Ice rN++ Dex-4 Slay+4}
 30473 | Desolati | 30473 ||| INVOKING Heroism.
 30510 | Desolati | 30510 ||| INVOKING Heroism.
 30585 | Desolati | Identified the +2 hat of the Special Seas {Harm rF+ rN+
                  | Str+2} (Okawaru gifted it to you in the Desolation of Salt)
 30585 | Desolati | Received a gift from Okawaru
 30648 | Desolati | 30648 ||| DROPPING +2 robe of positive energy.
 30707 | Desolati | 30707 ||| Stepping ~*~*~tactically~*~*~ (outnumbered).
 30760 | Desolati | Identified the +5 great mace of Virtue {elec, rF+ Str+4}
 30762 | Desolati | Identified the +0 cloak of Jomagual {Str-4 Dex-4 Slay+6
                  | SInv}
 30981 | Desolati | Found the +2 hood of the Assassin {Detect Stab+ Stlth++}
 30995 | Desolati | Identified the +0 robe of the Hall of Blades {rC+ Stlth+}
 31061 | Desolati | 31061 ||| DROPPING +0 robe of the Hall of Blades {rC+
                  | Stlth+}.
 31085 | Vaults:3 | 31085 ||| PLANNING VAULTS:1-4
 31161 | Vaults:3 | Reached skill level 23 in Fighting
 31178 | Vaults:3 | Found a staircase to the Crypt.
 31238 | Vaults:3 | 31238 ||| INVOKING Heroism.
 31504 | Vaults:3 | 31504 ||| INVOKING Heroism.
 31724 | Vaults:3 | Identified the +8 dagger of Ipse Dixit {freeze, rN+}
 31823 | Vaults:3 | Reached skill level 24 in Fighting
 31832 | Vaults:3 | 31832 ||| FLEEEEING.
 32073 | Vaults:3 | 32073 ||| INVOKING Heroism.
 32074 | Vaults:3 | 32074 ||| INVOKING Finesse.
 32145 | Vaults:3 | 32145 ||| Stepping ~*~*~tactically~*~*~ (outnumbered).
 32147 | Vaults:3 | 32147 ||| Stepping ~*~*~tactically~*~*~ (outnumbered).
 32149 | Vaults:3 | 32149 ||| Stepping ~*~*~tactically~*~*~ (outnumbered).
 32252 | Vaults:4 | Reached XP level 21. HP: 156/156 MP: 25/25
 32297 | Vaults:4 | Received a gift from Okawaru
 32326 | Vaults:4 | 32326 ||| FLEEEEING.
 32327 | Vaults:4 | 32327 ||| FLEEEEING.
 32328 | Vaults:4 | 32328 ||| FLEEEEING.
 32329 | Vaults:4 | 32329 ||| FLEEEEING.
 32524 | Vaults:4 | 32524 ||| INVOKING Heroism.
 32525 | Vaults:4 | 32525 ||| Stepping ~*~*~tactically~*~*~ (outnumbered).
 32529 | Vaults:4 | 32529 ||| Stepping ~*~*~tactically~*~*~ (outnumbered).
 32548 | Vaults:4 | Received a gift from Okawaru
 32568 | Vaults:4 | 32568 ||| INVOKING Finesse.
 32586 | Vaults:4 | 32586 ||| INVOKING Heroism.
 32586 | Vaults:4 | HP: 35/156 [constriction (6)]
 32587 | Vaults:4 | 32587 ||| READING 14 scrolls of teleportation.
 32588 | Vaults:4 | 32588 ||| DRINKING 5 potions of heal wounds.
 32818 | Vaults:4 | 32818 ||| FLEEEEING.
 32819 | Vaults:4 | 32819 ||| FLEEEEING.
 32851 | Vaults:4 | 32851 ||| INVOKING Heroism.
 32852 | Vaults:4 | 32852 ||| Stepping ~*~*~tactically~*~*~ (outnumbered).
 32855 | Vaults:4 | 32855 ||| Stepping ~*~*~tactically~*~*~ (outnumbered).
 32888 | Vaults:4 | 32888 ||| INVOKING Heroism.
 32903 | Vaults:4 | HP: 30/156 [vault warden/+0 halberd (22)]
 32904 | Vaults:4 | 32904 ||| READING 13 scrolls of teleportation.
 32905 | Vaults:4 | 32905 ||| DRINKING 4 potions of heal wounds.
 32909 | Vaults:4 | HP: 39/156 [vault sentinel/+0 war axe (13)]
 32910 | Vaults:4 | 32910 ||| DRINKING 3 potions of heal wounds.
 32933 | Vaults:4 | 32933 ||| INVOKING Heroism.
 32951 | Vaults:4 | Received a gift from Okawaru
 32954 | Vaults:4 | 32954 ||| INVOKING Heroism.
 32956 | Vaults:4 | HP: 37/156 [vault warden/+0 halberd (21)]
 32957 | Vaults:4 | 32957 ||| READING 12 scrolls of teleportation.
 32958 | Vaults:4 | 32958 ||| DRINKING 2 potions of heal wounds.
 32959 | Vaults:4 | 32959 ||| DRINKING potion of heal wounds.
 32973 | Vaults:4 | 32973 ||| INVOKING Heroism.
 33316 | Vaults:4 | 33316 ||| INVOKING Heroism.
 33317 | Vaults:4 | 33317 ||| INVOKING Finesse.
 33364 | Vaults:4 | Reached skill level 18 in Dodging
 33510 | Vaults:4 | 33510 ||| SWAPPING to +5 triple crossbow of flaming.
 33511 | Vaults:4 | 33511 ||| DROPPING +8 arbalest of the Stopping Gods {penet,
                  | rF+}.
 33512 | Vaults:4 | 33512 ||| DROPPING +0 longbow.
 33513 | Vaults:4 | 33513 ||| DROPPING +4 longbow of draining.
 33540 | Vaults:4 | 33540 ||| Stepping ~*~*~tactically~*~*~ (outnumbered).
 33542 | Vaults:4 | 33542 ||| Stepping ~*~*~tactically~*~*~ (outnumbered).
 33544 | Vaults:4 | 33544 ||| Stepping ~*~*~tactically~*~*~ (outnumbered).
 33546 | Vaults:4 | 33546 ||| Stepping ~*~*~tactically~*~*~ (outnumbered).
 33558 | Vaults:4 | 33558 ||| FLEEEEING.
 34087 | Vaults:4 | 34087 ||| DRINKING 18 potions of curing.
 34087 | Vaults:4 | 34087 ||| (to cure confusion)
 34176 | Vaults:4 | 34176 ||| PLANNING SHOALS:4
 34176 | Vaults:4 | 34176 ||| DROPPING +2 pair of gloves of hurling.
 34507 | Shoals:4 | Entered Level 4 of the Shoals
 34543 | Shoals:4 | 34543 ||| INVOKING Heroism.
 34544 | Shoals:4 | 34544 ||| INVOKING Finesse.
 34607 | Shoals:4 | 34607 ||| Stepping ~*~*~tactically~*~*~ (outnumbered).
 34659 | Shoals:4 | 34659 ||| Stepping ~*~*~tactically~*~*~ (outnumbered).
 34883 | Shoals:4 | Noticed Mlioglotl
 34888 | Shoals:4 | Killed Mlioglotl
 34906 | Shoals:4 | 34906 ||| Stepping ~*~*~tactically~*~*~ (outnumbered).
 34914 | Shoals:4 | 34914 ||| INVOKING Heroism.
 34915 | Shoals:4 | 34915 ||| INVOKING Finesse.
 34958 | Shoals:4 | Identified the +0 robe of Seashate {Rampage Fly Str+2}
 35019 | Shoals:4 | 35019 ||| Stepping ~*~*~tactically~*~*~ (outnumbered).
 35021 | Shoals:4 | 35021 ||| Stepping ~*~*~tactically~*~*~ (outnumbered).
 35025 | Shoals:4 | 35025 ||| Stepping ~*~*~tactically~*~*~ (outnumbered).
 35032 | Shoals:4 | 35032 ||| Stepping ~*~*~tactically~*~*~ (outnumbered).
 35063 | Shoals:4 | 35063 ||| INVOKING Heroism.
 35064 | Shoals:4 | 35064 ||| Stepping ~*~*~tactically~*~*~ (outnumbered).
 35065 | Shoals:4 | 35065 ||| Stepping ~*~*~tactically~*~*~ (outnumbered).
 35069 | Shoals:4 | 35069 ||| Stepping ~*~*~tactically~*~*~ (outnumbered).
 35072 | Shoals:4 | 35072 ||| Stepping ~*~*~tactically~*~*~ (outnumbered).
 35073 | Shoals:4 | 35073 ||| Stepping ~*~*~tactically~*~*~ (outnumbered).
 35077 | Shoals:4 | Reached skill level 21 in Ranged Weapons
 35092 | Shoals:4 | Reached XP level 22. HP: 158/161 MP: 26/26
 35105 | Shoals:4 | Got a barnacled rune of Zot
 35279 | Shoals:4 | 35279 ||| Stepping ~*~*~tactically~*~*~ (outnumbered).
 35281 | Shoals:4 | 35281 ||| Stepping ~*~*~tactically~*~*~ (outnumbered).
 35283 | Shoals:4 | 35283 ||| Stepping ~*~*~tactically~*~*~ (outnumbered).
 35293 | Shoals:4 | Received a gift from Okawaru
 35320 | Shoals:4 | Noticed Polyphemus
 35331 | Shoals:4 | Killed Polyphemus
 35452 | Shoals:4 | 35452 ||| PLANNING DEPTHS
 35452 | Shoals:4 | 35452 ||| DROPPING +0 robe of Seashate {Rampage Fly Str+2}.
 35740 | Depths:1 | Entered Level 1 of the Depths
 35752 | Depths:1 | 35752 ||| INVOKING Heroism.
 35841 | Depths:1 | 35841 ||| INVOKING Heroism.
 35900 | Depths:1 | 35900 ||| INVOKING Heroism.
 35989 | Depths:1 | 35989 ||| INVOKING Heroism.
 35990 | Depths:1 | 35990 ||| Stepping ~*~*~tactically~*~*~ (outnumbered).
 36077 | Depths:1 | 36077 ||| INVOKING Heroism.
 36123 | Depths:1 | 36123 ||| Stepping ~*~*~tactically~*~*~ (outnumbered).
 36126 | Depths:1 | 36126 ||| Stepping ~*~*~tactically~*~*~ (outnumbered).
 36129 | Depths:1 | 36129 ||| Stepping ~*~*~tactically~*~*~ (outnumbered).
 36319 | Depths:1 | 36319 ||| FLEEEEING.
 36320 | Depths:1 | 36320 ||| FLEEEEING.
 36321 | Depths:1 | 36321 ||| FLEEEEING.
 36384 | Depths:1 | 36384 ||| INVOKING Heroism.
 36412 | Depths:1 | 36412 ||| Stepping ~*~*~tactically~*~*~ (outnumbered).
 36416 | Depths:1 | 36416 ||| Stepping ~*~*~tactically~*~*~ (outnumbered).
 36450 | Depths:1 | 36450 ||| Stepping ~*~*~tactically~*~*~ (outnumbered).
 36462 | Depths:1 | Reached skill level 12 in Armour
 36514 | Depths:1 | Found a gateway to Hell.
 36518 | Depths:1 | 36518 ||| INVOKING Heroism.
 36519 | Depths:1 | 36519 ||| INVOKING Finesse.
 36632 | Depths:1 | 36632 ||| INVOKING Heroism.
 36696 | Depths:1 | 36696 ||| Stepping ~*~*~tactically~*~*~ (outnumbered).
 36812 | Depths:2 | 36812 ||| PLANNING WIZLAB
 36829 | Depths:2 | 36829 ||| INVOKING Heroism.
 36878 | Depths:2 | 36878 ||| FLEEEEING.
 36879 | Depths:2 | 36879 ||| FLEEEEING.
 36880 | Depths:2 | 36880 ||| STAIRDANCE
 36906 | Depths:2 | 36906 ||| STAIRDANCE
 36928 | Depths:2 | 36928 ||| INVOKING Heroism.
 36935 | Depths:2 | 36935 ||| STAIRDANCE
 36999 | Depths:2 | 36999 ||| INVOKING Heroism.
 37011 | Depths:2 | Noticed Grunn
 37029 | Depths:2 | 37029 ||| INVOKING Heroism.
 37048 | Depths:2 | HP: 37/163 [???[a doom hound] (9)]
 37049 | Depths:2 | 37049 ||| READING 13 scrolls of teleportation.
 37051 | Depths:2 | HP: 3/163 [reaper/+6 scythe of freezing[a doom hound] (24)]
 37051 | Depths:2 | Slain by a reaper

Levels and vault maps discovered:
D:1:      dpeg_arrival_tiny_h, layout_rooms, basic_ecumenical_altar,
          chequers_garden, minmay_misc_feat_hallway, minmay_misc_feat_roman,
          chequers_serial_rivers_small_b
D:2:      layout_rooms, basic_altar, serial_shops,
          nicolae_shop_just_a_little_nook, shop, minmay_misc_feat_tower,
          serial_park_tiny_1, serial_bayou_pond_d, uniq_natasha, uniq_robin,
          uniq_sigmund
D:3:      layout_rooms, mainiacjoe_overflow_brackets, serial_bayou_pond_e,
          uniq_pargi, uniq_grinder, uniq_terence
D:4:      layout_loops_cross, lightli_temple_of_fire,
          gammafunk_ghost_gnarly_gnolls, uniq_crazy_yiuf_cottage
D:5:      layout_basic, nzn_wu_jian_council_hall, temple_statues,
          ebering_ghost_sewer_d, minmay_shop_damaged,
          dreamdust_princess_corridor, uniq_menkaure
D:6:      layout_cave_pods, kiku_gazebo_pond_becter, serial_shops,
          nicolae_shop_real_fake_doors
D:7:      layout_basic, uniq_prince_ribbit1, uniq_joseph
D:8:      gammafunk_steamed_eel, layout_cave_pools,
          mainiacjoe_overflow_small_starburst,
          mainiacjoe_overflow_cross_hatched, mainiacjoe_overflow_catwalk_spiral,
          enter_bailey_3, serial_shops, kennysheep_mini, minmay_diced_spiral,
          uniq_erica
D:9:      layout_cave_pools, kennysheep_mini_moat, slow_altar_2,
          worldfamousw_hep_ancestral_shrine
D:10:     layout_basic, old_standard_altar, nicolae_overflow_crystal_walls,
          mainiacjoe_overflow_six_doors_small, lair_entry_dummy
D:11:     layout_basic, portal_ice_cave_entry_ice_simulacra
D:12:     layout_stronghold, orc_0_dummy, serial_shops, nicolae_shop_rolled_up
D:13:     layout_basic, david_vaults_1, uniq_snorg, uniq_sonja
D:14:     layout_basic, serial_corexii_hall, corexii_hall_statues_l,
          corexii_hall_statues_t, corexii_hall_statues_x,
          chequers_hall_statues_wall_a, ebering_ghost_inner_flame
D:15:     gammafunk_enter_depths_forms, layout_loops_ring,
          minmay_misc_feat_nine_boxes, uniq_louise
Temple:   nicolae_temple_two_arcs
Lair:1:   layout_hall_layers, uniq_urug, uniq_gastronok
Lair:2:   layout_layer_cave, chequers_serial_rivers_micro_c,
          nicolae_lair_lindhole, infiniplex_staircase_pool, grunt_megastairs_5,
          lemuel_fruit_fields, serial_bayou_shore_b
Lair:3:   layout_gridlike, elwin_shoals_entry_rocks,
          spider_nest_entry_funnel_web, lemuel_fruit_fields
Lair:4:   layout_hall_layers
Lair:5:   hangedman_lair_in_review, layout_big_grid,
          hangedman_lair_caniforms_friends, minmay_slime_entry_pillars,
          serial_bayou_shore_b
Shoals:1: layout_shoals, lemuel_centaur_altar
Shoals:2: layout_shoals, serial_shops, nicolae_shop_window_shopping,
          gammafunk_ghost_wrathful_warriors, nicolae_shoals_nautilus_by_nature,
          uniq_ilsuiw
Shoals:3: layout_shoals, serial_shops, shop, nicolae_shop_waterfront, shop,
          nicolae_shop_competitors_out_of_business, nicolae_shop_tiny_waterfront
Shoals:4: shoals_end_grunt_ice, layout_shoals, nicolae_shoals_lost_giant_temple,
          uniq_polyphemus, uniq_mlioglotl
Spider:1: nicolae_spider_brood_tunnel, drop_trap
Spider:2: layout_spider_delve, ebering_ghost_reflecting_pool,
          nicolae_spider_undead_wolf_pack, uniq_arachne, uniq_aizul, uniq_kirke
Spider:3: layout_cave_pods
Spider:4: hellmonk_spider_rune_endless_swarm, hangedman_spider_tarantella_strand
Orc:1:    orc_temple, layout_caves, guppyfry_orc_lava_fort
Orc:2:    grunt_orc_tribal_feast, layout_diamond_mine, mines2_lemuel,
          uniq_rupert, uniq_azrael
Vaults:1: gammafunk_ghost_abyssal_escape, v_misc_8, vaults_standard_mumra_lines,
          nicolae_vaults_apartment_2, nicolae_vaults_surprise_closet,
          nicolae_vaults_network_periphery, nicolae_vaults_big_ls,
          nicolae_vaults_circle_grid_b, nicolae_vaults_apartment_2,
          nicolae_vaults_diamond_1, v_alt_pattern_2,
          nicolae_vaults_three_branches, layout_vaults_maze_snakey
Vaults:2: ontoclasm_vaults_ring_small, nicolae_vaults_six-pack,
          vaults_standard_mumra_x, nicolae_vaults_stepped_doors,
          nicolae_vaults_apartment_2, vaults_dpeg_hooks,
          nicolae_vaults_shipping_containers_4, layout_vaults_omnigrid
Vaults:3: portal_desolation_entry_garden, nicolae_vaults_little_squares_4,
          nicolae_vaults_closet_pinwheel_6, nicolae_vaults_frosty_reception,
          nicolae_vaults_murder_corner, minmay_crypt_entry_simple_corners,
          nicolae_vaults_little_ls, nicolae_vaults_diamond_1,
          grunt_vaults_diagonal, nicolae_vaults_tetromino_L_1, v_misc_27,
          nicolae_vaults_layer_cake_slice, vaults_mumra_minichess,
          vaults_standard_mumra_enter_the_diamond,
          nicolae_vaults_surprise_closet, nicolae_vaults_tetromino_Z_2,
          layout_vaults_ring
Vaults:4: v_pattern_3, v_misc_10, dpeg_vaults_pockets_of_resistance, v_misc_23,
          nicolae_vaults_tetromino_Z_1, v_misc_10,
          nicolae_vaults_mini_display_case, v_misc_24,
          nicolae_vaults_tetromino_L_1, nicolae_vaults_little_squares_4,
          nicolae_vaults_weapon_check, layout_vaults_omnicross
Depths:1: layout_honeycomb, fountainhead, pf_vacation_house_of_asmodeus,
          minmay_microvault
Depths:2: kennysheep_gozag_temple, layout_small_grid, rand_demon_pan_entry_1,
          solitary_fountain, mu_enter_wizlab_7, pf_hell_entry_tar_river,
          abyss_entry_small_statue_room, minmay_staircase_statues, uniq_grunn

Skill      XL: |  1  2  3  4  5  6  7  8  9 10 11 12 13 14 15 16 17 18 19 20 21 22 |
---------------+-------------------------------------------------------------------+-----
Ranged Weapons | 5 7 8 10 11 12 14 16 17 19 20 21 22 | 22.0
Armour         | 1 2 3 5 6 7 8 9 10 11 12 | 12.0
Fighting       | 5 6 7 8 10 11 12 15 17 19 20 22 24 | 24.9
Dodging        | 2 4 5 6 7 8 10 12 13 14 15 16 18 | 18.0
Invocations    | 3 4 6 10 | 10.0
Stealth        | |  1.1

Action                     |  1- 3 |  4- 6 |  7- 9 | 10-12 | 13-15 | 16-18 | 19-21 | 22-24 || total
---------------------------+-------+-------+-------+-------+-------+-------+-------+-------++-------
   Fire: Shortbow          |   103 |    72 |    88 |       |       |       |       |       ||   263
         Longbow           |       |       |   160 |   508 |   720 |   462 |  1405 |       ||  3255
         Arbalest          |       |       |       |       |   301 |   828 |       |       ||  1129
         Triple crossbow   |       |       |       |       |       |       |   171 |   286 ||   457
 Invoke: Heroism           |       |       |       |    23 |    30 |    40 |    21 |    12 ||   126
         Finesse           |       |       |       |       |     8 |    13 |     6 |     1 ||    28
    Use: Scroll            |     3 |     1 |    15 |     8 |     6 |     5 |     4 |     1 ||    43
         Potion            |     1 |       |     5 |     2 |       |     1 |     6 |       ||    15
 Armour: Leather armour    |    26 |       |    15 |    24 |       |       |       |       ||    65
         Ring mail         |    15 |    20 |    44 |       |       |       |       |       ||    79
         Troll leather arm |       |       |       |    93 |    97 |   214 |   274 |    41 ||   719
  Dodge: Dodged            |    52 |    25 |    76 |   196 |   243 |   791 |  1006 |   190 ||  2579
         Repelled          |       |       |       |       |     1 |    11 |     8 |       ||    20

Table legend:
 A = Non-vault XP
 B = Vault XP
 C = Vault XP percentage of total XP
 D = Non-vault monster count
 E = Vault monster count
 F = Vault count percentage of total count
                 A         B        C        D         E       F
            +---------+---------+-------+---------+---------+-------
      Total |  395099 |  279275 |  41.4 |    1042 |     553 |  34.7
            +---------+---------+-------+---------+---------+-------
        D:1 |      44 |       0 |   0.0 |      27 |       0 |   0.0
        D:2 |      35 |     312 |  89.9 |      14 |      14 |  50.0
        D:3 |      73 |     430 |  85.5 |      16 |       3 |  15.8
        D:4 |     166 |       0 |   0.0 |      13 |       0 |   0.0
        D:5 |     376 |     183 |  32.7 |       9 |       1 |  10.0
        D:6 |     902 |       0 |   0.0 |      26 |       0 |   0.0
        D:7 |     709 |     745 |  51.2 |      10 |       2 |  16.7
        D:8 |    1904 |    1470 |  43.6 |      40 |      10 |  20.0
        D:9 |    1888 |       5 |   0.3 |      29 |       1 |   3.3
       D:10 |    4574 |       0 |   0.0 |      31 |       0 |   0.0
       D:11 |    3889 |     234 |   5.7 |      27 |       4 |  12.9
       D:12 |    5448 |       0 |   0.0 |      19 |       0 |   0.0
       D:13 |    6876 |    4051 |  37.1 |      23 |       5 |  17.9
       D:14 |   14676 |       0 |   0.0 |      30 |       0 |   0.0
       D:15 |    2957 |    6460 |  68.6 |       8 |      10 |  55.6
     Lair:1 |    4837 |    2308 |  32.3 |      20 |       2 |   9.1
     Lair:2 |    4902 |    2744 |  35.9 |      20 |       5 |  20.0
     Lair:3 |    4982 |     817 |  14.1 |      23 |       4 |  14.8
     Lair:4 |    7537 |       0 |   0.0 |      27 |       0 |   0.0
     Lair:5 |   16211 |   21764 |  57.3 |      42 |      81 |  65.9
   Shoals:1 |   12909 |     456 |   3.4 |      23 |       4 |  14.8
   Shoals:2 |   25514 |    2578 |   9.2 |      51 |       4 |   7.3
   Shoals:3 |   18624 |       0 |   0.0 |      35 |       0 |   0.0
   Shoals:4 |   10299 |   25699 |  71.4 |      21 |      41 |  66.1
   Spider:1 |   13211 |    7422 |  36.0 |      33 |      12 |  26.7
   Spider:2 |   15722 |   14154 |  47.4 |      41 |      22 |  34.9
   Spider:3 |   21043 |       0 |   0.0 |      50 |       0 |   0.0
   Spider:4 |   20548 |   21896 |  51.6 |      48 |      41 |  46.1
      Orc:1 |    2272 |   10826 |  82.7 |      28 |      45 |  61.6
      Orc:2 |    2202 |   11207 |  83.6 |      22 |      37 |  62.7
   Vaults:1 |   19654 |   21465 |  52.2 |      34 |      31 |  47.7
   Vaults:2 |   20651 |    8019 |  28.0 |      27 |      10 |  27.0
   Vaults:3 |   31506 |   19832 |  38.6 |      50 |      21 |  29.6
   Vaults:4 |   35033 |   43009 |  55.1 |      48 |      48 |  50.0
   Depths:1 |   44299 |     845 |   1.9 |      59 |       1 |   1.7
   Depths:2 |   18626 |    4762 |  20.4 |      18 |       5 |  21.7
 Desolation |       0 |   45582 | 100.0 |       0 |      89 | 100.0
            +---------+---------+-------+---------+---------+-------
